 Dungeon Crawl Stone Soup version 0.30-a0-1006-g5d778dfbfc (webtiles) character file.

Game seed: 12785438534232789141

4 senseless the Insei (level 1, -1/13 HPs)
             Began as an Octopode Transmuter on Apr 5, 2023.
             Was an Initiate of the Shining One.
             Slain by a gnoll
             ... wielding a +0 whip
              (7 damage)
             ... on level 2 of the Dungeon.
             The game lasted 00:00:47 (49 turns).

senseless the Insei (Octopode Transmuter)             Turns: 49, Time: 00:00:50

Health: -1/13      AC:  1    Str:  9    XL:     1   Next: 60%
Magic:  2/3        EV: 13    Int: 15    God:    the Shining One [......]
Gold:   17         SH:  0    Dex: 12    Spells: 3/4 levels left

rFire   . . .      SeeInvis .      - Unarmed
rCold   . . .      Faith    .    (no shield)
rNeg    . . .      Spirit   .    (helmet currently unavailable)
rPois   .          Reflect  .    (no amulet)
rElec   .          Rampage  .    (no ring)
rCorr   .                        (no ring)
Will    .....                    (no ring)
Stlth   +                        (no ring)
HPRegen 0.22/turn                (no ring)
MPRegen 0.08/turn                (no ring)
                                 (no ring)
                                 (no ring)

@: appendages (expiring), glowing
A: tentacle spike 3, almost no armour, amphibious, 8 rings, camouflage 1,
gelatinous body 1, (nimble swimmer 1), tentacles
a: End Transformation, Renounce Religion


You were on level 2 of the Dungeon.
You worshipped the Shining One.
The Shining One was noncommittal.
One of your tentacles had grown a beastly spike.
You visited 1 branch of the dungeon, and saw 2 of its levels.

You collected 17 gold pieces.

Inventory:

Scrolls
 b - a scroll of noise {unknown}
Potions
 a - a potion of lignification


   Skills:
 + Level 1.1 Fighting
 + Level 2.0 Dodging
 + Level 3.0 Unarmed Combat
 + Level 2.0 Spellcasting
 + Level 2.0 Transmutations


You had 3 spell levels left.
You knew the following spells:

 Your Spells              Type           Power      Damage    Failure   Level
a - Beastly Appendage     Tmut           14%        N/A       10%         1

Your spell library contained the following spells:

 Spells                   Type           Power      Damage    Failure   Level
 Wereblood                Tmut           7%         N/A       14%         2
 Spider Form              Tmut/Pois      4%         N/A       41%         3
 Ice Form                 Ice/Tmut       4%         N/A       82%         4


Dungeon Overview and Level Annotations

Branches:
Dungeon (1/15)

Altars:
The Shining One


Innate Abilities, Weirdness & Mutations

One of your tentacles has grown a beastly spike.
You cannot wear most types of armour.
You are amphibious.
You can wear up to eight rings at the same time.
Your skin changes colour to match your surroundings (Stealth+).
Your rubbery body absorbs attacks. (AC +1, EV +1)
((You are camouflaged when in or above water. (Stealth+)))
You have tentacles for arms and can constrict up to eight enemies at once.


Message History

The kobold barely misses you.
You are too injured to fight recklessly!
Casting: Beastly Appendage (safe; 10% risk of failure)
Confirm with . or Enter, or press ? or * to list all spells.
One of your tentacles grows a vicious spike.
The kobold hits you with a +0 short sword.
You closely miss the kobold. You grab the kobold. You constrict the kobold.
The kobold completely misses you.
A gnoll comes into view. It is wielding a +0 whip.
The gnoll shouts!
You tentacle-slap the kobold but do no damage.
You pierce the kobold.
You kill the kobold!
You see here 4 gold pieces.
Found 5 stones.
You see here 13 gold pieces.
You now have 13 gold pieces.
You see here 4 gold pieces.
You now have 17 gold pieces (gained 4).
You tentacle-slap the gnoll but do no damage.
You grab the gnoll.
You pierce the gnoll.
You squeeze the gnoll.
The gnoll is heavily wounded.
Your transformation is almost over.
You constrict the gnoll, but do no damage.
The gnoll closely misses you.
You tentacle-slap the gnoll but do no damage.
You pierce the gnoll.
You squeeze the gnoll, but do no damage.
The gnoll is heavily wounded.
You constrict the gnoll.
A goblin comes into view. It is wielding a +0 dagger.
The gnoll closely misses you.
The goblin shouts!
You tentacle-slap the gnoll.
The gnoll is almost dead.
You constrict the gnoll, but do no damage.
You hear a shout!
The gnoll hits you with a +0 whip!
Ouch! That really hurt!
You die...

....^.......#.#..
.................. #.
#..g.._....### .. #.
##.........## ...
####. #..#.......#
#..#....##..#.####.##
###....##).....####.#
.........g...........
.#####..@.#.###...####
#...##..# .###
......###..# .# .####.
..## .# #. .#.# .#
#(#.#.# #.. ..# ##


You could see a gnoll and a goblin.

Vanquished Creatures
  A worm (D:2)
  A kobold (D:2)
2 creatures vanquished.

Notes
Turn   | Place    | Note
-------+----------+-------------------------------------------
     0 | D:1      | senseless the Octopode Transmuter began the quest for the
                  | Orb.
     0 | D:1      | Reached XP level 1. HP: 13/13 MP: 3/3
     5 | D:1      | You fall into a shaft and drop 1 floor!
     5 | D:2      | Found a glowing golden altar of the Shining One.
     7 | D:2      | Became a worshipper of the Shining One
    49 | D:2      | Slain by a gnoll

Illustrated notes

Levels and vault maps discovered:
D:1:      ebering_trefoil_twist, layout_basic
D:2:      layout_rooms, basic_altar, uniq_jessica

Action                     || total
---------------------------++-------
  Melee: Unarmed           ||    13
         Kick              ||     7
         Constrict         ||     3
         Tentacles         ||     3
   Cast: Beastly Appendage ||     2
  Dodge: Dodged            ||     7

Table legend: (Time is in decaauts)
 A = Elapsed time spent in this place.
 B = Non-inter-level travel time spent in this place.
 C = Inter-level travel time spent in this place.
 D = Time resting spent in this place.
 E = Time spent auto-exploring this place.
 F = Levels seen in this place.
 G = Mean time per level.
                   A        B        C        D        E       F      G
               +--------+--------+--------+--------+--------+-----+--------+
         Total |     48 |     43 |      5 |      0 |     13 |   2 |   24.0 |
       Dungeon |     48 |     43 |      5 |      0 |     13 |   2 |   24.0 |
               +--------+--------+--------+--------+--------+-----+--------+

Top non-repeatable levels by time:
     D:2: 43 daAuts
     D:1: 5 daAuts
